Map: Eternal Empire LE

Players

NXZ

  • Race: Zerg Zerg
  • Spawn Location: 7:00

Probe - Winner!

  • Race: Protoss Protoss
  • Spawn Location: 1:00

Event: DreamHack SC2 Masters 2020 Summer Oceania RoA

VOD

Have the link to the VOD?

Description

Time

  • Played on: June 26, 2020, 5:56 a.m.
  • Length: 10:49

All games in this series

Show
View Real Time Build Order
Export as new Build Order

NXZ Zerg 

Build Orders: Hatch First, Muta Ling Bane 

Get SALT Encoding   

  12  0:00  Drone  
  13  0:12  Overlord  
  13  0:17  Drone  
  14  0:30  Drone x2  
  16  0:48  Hatchery  
  15  0:51  Drone  
  15  0:54  Drone  
  17  0:57  Drone  
  18  1:08  Extractor  
  17  1:13  Spawning Pool  
  17  1:16  Drone  
  17  1:20  Drone  
  18  1:28  Drone  
  19  1:39  Drone  
  20  1:49  Overlord  
  20  1:59  Queen  
  20  2:00  Zergling x2, Queen  
  20  2:01  Zergling x2  
  26  2:09  Metabolic Boost  
  26  2:11  Drone  
  26  2:13  Drone  
  28  2:22  Drone x2  
  30  2:37  Hatchery  
  30  2:39  Drone  
  30  2:41  Drone  
  31  2:46  Overlord  
  31  2:48  Drone  
  32  2:53  Drone  
  32  2:54  Drone  
  34  3:00  Queen  
  34  3:05  Overlord  
  36  3:12  Drone x2  
  38  3:13  Drone x2  
  38  3:17  Overlord  
  40  3:24  Drone x3  
  40  3:25  Drone  
  44  3:29  Overlord  
  44  3:32  Spore Crawler  
  43  3:34  Spore Crawler  
  43  3:39  Queen  
  44  3:44  Zergling x4  
  44  3:45  Zergling x2  
  44  3:47  Zergling x2  
  48  3:49  Zergling x2  
  48  3:50  Drone  
  48  3:52  Drone  
  48  3:54  Drone  
  52  3:58  Drone  
  52  4:00  Drone  
  52  4:02  Drone  
  55  4:04  Drone  
  55  4:06  Spore Crawler  
  55  4:08  Overlord  
  55  4:13  Drone x2  
  57  4:17  Drone x4  
  57  4:23  Overlord  
  61  4:25  Drone  
  61  4:28  Drone  
  63  4:31  Lair  
  63  4:33  Roach Warren  
  63  4:35  Extractor x2  
  63  4:36  Drone  
  63  4:37  Drone  
  62  4:38  Drone  
  63  4:49  Drone x8  
  69  4:53  Drone x2  
  69  4:58  Overlord  
  71  5:02  Drone x2  
  71  5:07  Overlord  
  73  5:17  Roach x8  
  89  5:24  Drone  
  89  5:26  Overlord x2, Extractor  
  89  5:27  Extractor  
  88  5:28  Glial Reconstitution  
  88  5:31  Drone x3  
  88  5:33  Drone  
  92  5:35  Drone  
  92  5:41  Drone  
  94  5:45  Drone  
  94  5:48  Drone x2  
  97  5:53  Drone x3  
  97  5:54  Evolution Chamber, Drone x3  
  97  5:56  Hatchery, Baneling Nest  
  100  5:58  Drone x3  
  100  6:03  Drone x2  
  105  6:09  Overlord x2  
  105  6:14  Roach, Spire  
  105  6:16  Roach, Extractor  
  107  6:19  Zergling x2  
  107  6:21  Zerg Melee Weapons Level 1  
  109  6:25  Zergling x2  
  109  6:26  Zergling x10  
  109  6:29  Overlord  
  109  6:30  Zergling x8  
  118  6:38  Spore Crawler  
  114  6:40  Spore Crawler x2, Queen  
  114  6:41  Spore Crawler  
  111  6:52  Queen  
  112  6:57  Overseer  
  109  7:03  Spore Crawler  
  102  7:16  Queen  
  104  7:25  Hatchery  
  104  7:26  Mutalisk x6  
  104  7:28  Mutalisk  
  117  7:31  Ravager  
  117  7:33  Mutalisk  
  113  7:45  Mutalisk x2  
  113  7:51  Spore Crawler x2  
  116  7:54  Drone  
  116  7:55  Drone x7  
  123  8:09  Centrifical Hooks  
  123  8:13  Evolution Chamber  
  123  8:15  Drone x2  
  123  8:17  Overlord x4  
  124  8:21  Zerg Melee Weapons Level 2  
  124  8:25  Drone x2  
  126  8:38  Drone x5  
  126  8:39  Drone x4  
  133  8:42  Ravager  
  133  8:43  Ravager x4  
  133  8:46  Ravager x2  
  140  8:48  Zergling x2  
  140  8:49  Zergling x6  
  140  8:54  Zergling x2  
  140  8:55  Zergling x8  
  149  8:57  Zergling x2  
  149  8:58  Zergling x4  
  146  9:08  Roach x6  
  151  9:19  Zergling x10  
  151  9:23  Drone  
  157  9:24  Baneling  
  157  9:25  Baneling x11  
  157  9:31  Zergling x14  
  163  9:37  Zergling x2  
  163  9:38  Zergling x2  
  165  9:39  Ravager  
  165  9:40  Ravager  
  165  9:41  Overlord  
  165  9:42  Overlord  
  147  10:00  Roach x7  
  147  10:01  Zergling x8  
  153  10:09  Zergling x4  
  153  10:10  Zergling x2  
  153  10:13  Queen  
  159  10:21  Zergling x2  
  159  10:22  Zergling x14  
  160  10:30  Zergling x2  
  160  10:31  Zergling x8  
  160  10:32  Zergling x4  
Show
View Real Time Build Order
Export as new Build Order

Probe Protoss - Winner!

Build Orders: 1 Gate Expand, Oracle Opening 

Get SALT Encoding   

  12  0:00  Probe  
  13  0:13  Probe  
  14  0:20  Pylon  
  14  0:25  Probe  
  15  0:31  Assimilator  
  15  0:34  Probe  
  15  0:42  Probe  
  16  0:43  Gateway  
  17  0:53  Probe  
  18  1:05  Probe  
  19  1:17  Probe  
  20  1:25  Nexus  
  20  1:37  Cybernetics Core  
  20  1:38  Probe  
  21  1:45  Assimilator  
  21  1:50  Probe  
  22  1:56  Pylon  
  22  2:03  Probe  
  22  2:04  Adept  
  23  2:11  Probe  
  26  2:19  Probe  
  26  2:21  Stargate  
  26  2:26  Stalker, Warp Gate  
  26  2:29  Probe  
  30  2:38  Probe  
  30  2:42  Probe  
  32  2:50  Probe  
  33  2:54  Probe  
  34  2:59  Oracle  
  34  3:02  Probe  
  35  3:06  Probe  
  39  3:14  Gateway, Probe  
  39  3:18  Probe  
  41  3:25  Oracle  
  41  3:26  Probe  
  42  3:29  Pylon  
  42  3:30  Probe  
  43  3:35  Assimilator  
  43  3:37  Assimilator  
  46  3:47  Pylon, Probe x2  
  48  3:59  Probe x2  
  48  4:00  Phoenix  
  52  4:11  Pylon, Stargate, Probe x2  
  52  4:14  Adept x2  
  58  4:19  Oracle  
  58  4:21  Pylon  
  58  4:23  Probe x2  
  63  4:35  Probe x2  
  63  4:37  Adept  
  63  4:38  Adept  
  69  4:40  Pylon  
  69  4:47  Probe x2  
  71  4:53  Oracle  
  71  4:56  Oracle  
  74  5:03  Pylon  
  77  5:12  Nexus  
  77  5:14  Pylon  
  77  5:21  Shield Battery  
  77  5:23  Oracle  
  77  5:28  Oracle  
  77  5:30  Probe  
  84  5:37  Gateway  
  84  5:38  Gateway  
  84  5:43  Probe x2  
  84  5:44  Gateway  
  86  5:52  Sentry x2  
  86  5:55  Probe  
  86  5:56  Pylon, Probe  
  92  6:03  Pylon  
  92  6:07  Forge, Twilight Council  
  92  6:09  Forge  
  92  6:13  Probe x2  
  94  6:20  Sentry x2  
  94  6:25  Probe x2  
  100  6:26  Probe  
  100  6:29  Blink  
  101  6:37  Probe x2  
  101  6:38  Probe  
  104  6:43  Stalker x2  
  104  6:44  Stalker x2  
  112  6:49  Probe x2  
  112  6:50  Probe  
  115  7:01  Probe x2  
  115  7:02  Probe  
  115  7:03  Protoss Ground Armor Level 1, Protoss Ground Weapons Level 1, Stalker  
  117  7:10  Gateway x2, Assimilator  
  117  7:11  Assimilator  
  117  7:12  Stalker  
  117  7:13  Gateway, Probe  
  117  7:14  Probe  
  121  7:17  Adept  
  121  7:20  Pylon  
  123  7:32  Pylon  
  123  7:33  Pylon  
  123  7:40  Stalker x5  
  133  7:47  Pylon x2  
  133  7:55  Probe  
  133  7:56  Probe  
  135  8:00  Phoenix  
  135  8:02  Nexus  
  135  8:08  Phoenix  
  135  8:10  Photon Cannon  
  139  8:13  Stalker  
  139  8:14  Stalker x2  
  145  8:29  Phoenix  
  145  8:33  Photon Cannon  
  146  8:35  Stalker  
  146  8:36  Stalker x4  
  156  8:46  Photon Cannon  
  156  8:49  Stalker  
  156  8:50  Stalker x2  
  156  8:53  Phoenix  
  162  8:57  Pylon  
  162  9:01  Stalker x4  
  148  9:25  Stalker  
  148  9:26  Stalker x6  
  162  9:40  Stalker  
  163  9:50  Nexus  
  143  10:09  Stalker x8  
  157  10:17  Pylon  
Tags
 
Add a new tag
Caveats
  • Supply blocks, unpowered buildings, or Contaminate may cause inaccurate times.
  • Supply counts are checked every 10 seconds.